 Dungeon Crawl Stone Soup version 0.17-a0-1648-g0a089d4 (webtiles) character file.

51 thrall606 the Conjurer (level 3, -4/26 HPs)
             Began as a Draconian Conjurer on Aug 11, 2015.
             Slain by a gnoll
             ... wielding a +4 spear
              (9 damage)
             ... on level 1 of the Dungeon on Aug 12, 2015.
             The game lasted 00:05:57 (1412 turns).

thrall606 the Conjurer (Draconian Conjurer)         Turns: 1412, Time: 00:05:57

Health: -4/26      AC:  6    Str: 10    XL:     3   Next: 57%
Magic:  5/6        EV: 17    Int: 16    God:
Gold:   18         SH:  0    Dex: 11    Spells: 2 memorised, 3 levels left

rFire  . . .     SeeInvis .     c - -3 short sword (curse)
rCold  . . .     Clarity  .     (armour unavailable)
rNeg   . . .     SustAt   .     (no shield)
rPois  .         Gourm    .     (helmet restricted)
rElec  .         Spirit   .     (no cloak)
rCorr  .         Warding  .     j - +0 pair of gloves
rMut   .         Stasis   .     (no boots)
MR     .....                    (no amulet)
Stlth  ++........               d - +3 ring of evasion
                                g - +2 ring of evasion

@: not resistant to hostile enchantments, unstealthy
A: unfitting armour, cold-blooded, AC +5
a: no special abilities


You were on level 1 of the Dungeon.
You were not hungry.

You visited 1 branch of the dungeon, and saw 2 of its levels.

You collected 18 gold pieces.

Inventory:

Hand weapons
 c - a cursed -3 short sword (weapon)
 e - a +0 dagger
 f - a cursed -2 short sword
 i - a +2 antimagic rapier
Armour
 j - a +0 pair of gloves (worn)
Jewellery
 d - a +3 ring of evasion (right hand)
 g - a +2 ring of evasion (left hand)
Books
 a - a book of Conjurations

   Spells                             Type                      Level
   a - Magic Dart                     Conjuration                  1
   b - Searing Ray                    Conjuration                  2
   c - Dazzling Spray                 Conjuration/Hexes            3
   d - Fulminant Prism                Conjuration/Hexes            4
   e - Iskenderun's Mystic Blast      Conjuration                  4
   f - Iskenderun's Battlesphere      Conjuration/Charms           5
Comestibles
 b - 3 chunks of flesh
 h - a beef jerky


   Skills:
 + Level 0.2 Fighting
 + Level 0.2 Short Blades
 + Level 2.1 Dodging
 + Level 1.8 Stealth
 + Level 2.2 Spellcasting
 + Level 4.9 Conjurations


You had 3 spell levels left.
You knew the following spells:

 Your Spells              Type           Power        Failure   Level  Hunger
a - Magic Dart            Conj           ###.         3%          1    #......
b - Searing Ray           Conj           ###...       6%          2    ###....


Dungeon Overview and Level Annotations

Branches:
Dungeon (2/15)

Altars:
Elyvilon


Innate Abilities, Weirdness & Mutations

Your plain brown scales are hard (AC +5).
Your body does not fit into most forms of armour.
You are cold-blooded and may be slowed by cold attacks.


Message History

There is a stone staircase leading down here.
Welcome back, thrall606 the Draconian Conjurer.
Press ? for a list of commands and other information.
The gnoll closely misses you. The gnoll barely misses you.
You see here a club.
Cast which spell? (? or * to list)
You don't know that spell.
Unknown command.
Cast which spell? (? or * to list)
Aiming: Magic Dart
Press: ? - help, Shift-Dir - straight line, f - gnoll
Aim: a gnoll, wielding an enchanted spear (moderately wounded)
The magic dart hits the gnoll.
The gnoll is moderately wounded.
The gnoll completely misses you. The gnoll misses you.
The gnoll barely misses you. The gnoll barely misses you. x2
There is an open door here.
The gnoll hits you from afar with an enchanted spear!
You die...

.#.#'### ##...#.######.#
.#.#.#########...#.# #.#
.................#.# #.#
##############.....######.#
...................##.....#
##############g#...##.#.###
..........# ##g#........#
≈≈≈≈≈≈....# #......##.#.#
.§...≈....# #...@.....#.#
###..≈....# #.....>####.#
.##..≈....# #....######.#
.##..§...$# ####...(....#
.##.≈≈....# #..#######
###..≈....# #..#
###..≈....# #..#
#...≈≈....# #..#
#....≈....# #..#


You could see 2 gnolls.

Vanquished Creatures
  A gnoll (D:1)
  An adder (D:2)
  2 oozes (D:1)
  A giant gecko (D:1)
  3 giant cockroaches (D:1)
  3 goblins
  A hobgoblin (D:1)
  5 kobolds (D:1)
  4 bats
  5 rats
26 creatures vanquished.

Notes
Turn   | Place    | Note
--------------------------------------------------------------
     0 | D:1      | thrall606 the Draconian Conjurer began the quest for the Orb.
     0 | D:1      | Reached XP level 1. HP: 14/14 MP: 3/3
    72 | D:1      | Reached XP level 2. HP: 18/20 MP: 0/5
   269 | D:1      | Learned a level 2 spell: Searing Ray
  1065 | D:2      | Reached XP level 3. HP: 26/26 MP: 2/6
  1169 | D:2      | Found a white marble altar of Elyvilon.
  1386 | D:1      | Upgraded the game from 0.17-a0-1646-geb1493d to 0.17-a0-1648-g0a089d4
  1412 | D:1      | Slain by a gnoll

Vault maps used:
D:1:      erik_arrival_gehennom, interstate_on_off
D:2:      elyvilon_altar_3, grunt_ministairs_1, moated_statue

Action                   || total
-------------------------++-------
Melee: Unarmed           ||     5
       Short sword       ||    45
 Cast: Magic Dart        ||    44
       Searing Ray       ||     6
  Use: Scroll            ||     2
       Potion            ||     2
  Eat: Bread ration      ||     1
       Chunk             ||     1
